Map: Turbo Cruise '84 LE

Players

Mez

  • Race: Zerg Zerg
  • League: Master
  • Spawn Location: 3:00

Cody - Winner!

  • Race: Terran Terran
  • League: Diamond
  • Spawn Location: 7:00

VOD

Have the link to the VOD?

Description

Time

  • Played on: Aug. 13, 2019, 9:07 a.m.
  • Length: 13:02
Show
View Real Time Build Order
Export as new Build Order

Mez Zerg 

Build Orders: Hatch First 

Get SALT Encoding   

  12  0:00  Drone  
  13  0:09  Drone  
  14  0:17  Overlord  
  14  0:23  Extractor  
  14  0:24  Drone  
  15  0:37  Drone x2  
  17  0:44  Drone  
  18  0:58  Hatchery  
  18  1:01  Drone, Extractor  
  17  1:09  Drone  
  18  1:19  Spawning Pool  
  17  1:26  Drone  
  17  1:28  Drone  
  19  1:39  Overlord  
  19  1:52  Drone  
  20  2:10  Zergling x4  
  20  2:11  Drone  
  23  2:17  Metabolic Boost  
  23  2:19  Queen x2  
  23  2:22  Drone x2  
  29  2:36  Drone x2  
  30  2:54  Hatchery  
  29  3:03  Drone  
  29  3:04  Drone x5  
  35  3:16  Overlord x2  
  35  3:32  Drone  
  36  3:41  Zergling x14  
  43  3:52  Queen  
  43  3:54  Lair  
  45  4:15  Queen  
  47  4:18  Drone x3  
  47  4:20  Overlord x3  
  50  4:25  Extractor  
  50  4:26  Extractor  
  48  4:32  Overlord  
  48  4:33  Overlord x2  
  48  4:45  Hatchery  
  47  4:47  Queen  
  47  4:48  Drone x6  
  47  4:49  Drone x4  
  59  5:11  Spore Crawler  
  59  5:13  Spore Crawler  
  57  5:16  Spore Crawler  
  57  5:17  Drone x7  
  60  5:37  Drone  
  60  5:38  Drone x8  
  65  5:47  Zergling x2  
  64  5:54  Drone x6  
  65  6:15  Zergling x16  
  65  6:16  Zergling x4  
  75  6:24  Baneling Nest  
  74  6:42  Zergling x6  
  74  6:43  Overlord x4, Zergling x10  
  74  6:44  Zergling x8  
  86  6:55  Drone x2  
  86  6:56  Evolution Chamber  
  86  6:57  Evolution Chamber  
  86  6:59  Overlord x2  
  86  7:15  Baneling x5  
  86  7:16  Baneling  
  86  7:18  Centrifical Hooks  
  86  7:26  Drone  
  86  7:27  Drone x13  
  100  7:51  Zergling x32  
  109  7:56  Zerg Melee Weapons Level 1  
  109  7:57  Zerg Ground Armor Level 1  
  116  8:01  Spire  
  116  8:04  Spore Crawler  
  114  8:06  Spine Crawler x2  
  114  8:08  Spine Crawler  
  114  8:10  Spine Crawler  
  114  8:11  Zergling x10  
  114  8:12  Overlord x2  
  115  8:13  Overlord  
  114  8:32  Zergling x2  
  114  8:33  Zergling x18  
  124  8:36  Baneling x12  
  124  8:38  Baneling x2  
  124  8:39  Baneling x3  
  87  9:10  Zergling x2  
  87  9:11  Zergling x40  
  87  9:13  Queen x2  
  87  9:14  Queen  
  87  9:15  Queen  
  111  9:18  Zerg Flyer Armor Level 1  
  111  9:23  Spine Crawler  
  110  9:25  Spore Crawler  
  110  9:28  Overseer x3  
  109  9:46  Hatchery  
  109  9:49  Queen x2  
  109  9:50  Overlord x3  
  109  9:52  Zergling x18  
  121  9:55  Hatchery  
  120  10:03  Zergling x6  
  94  10:35  Zergling x34  
  72  11:03  Drone x8  
  76  11:15  Overseer x2  
  76  11:16  Overseer  
  72  11:22  Drone x11  
  72  11:23  Drone x7  
  88  11:45  Baneling x4  
  88  11:46  Baneling x12  
  85  11:48  Zergling x20  
  94  11:56  Spine Crawler  
  94  11:58  Spore Crawler  
  94  12:15  Zergling x20  
  95  12:16  Zergling x14  
Show
View Real Time Build Order
Export as new Build Order

Cody Terran - Winner!

Build Orders: Reaper Expand 

Get SALT Encoding   

  12  0:00  SCV  
  13  0:13  SCV  
  14  0:17  Supply Depot  
  14  0:25  SCV  
  15  0:39  SCV  
  15  0:41  Barracks  
  16  0:45  Refinery  
  16  0:51  SCV  
  17  1:03  SCV  
  18  1:17  SCV  
  19  1:28  Reaper  
  19  1:29  Orbital Command  
  20  1:41  Command Center  
  20  1:51  Supply Depot  
  20  1:55  SCV  
  20  2:00  Marine  
  22  2:07  SCV  
  23  2:15  Factory  
  23  2:19  SCV  
  24  2:30  Barracks Reactor  
  24  2:31  SCV  
  25  2:47  Command Center  
  25  2:49  SCV  
  26  2:55  Orbital Command  
  26  3:05  Starport  
  26  3:12  Hellion  
  28  3:13  Hellion  
  28  3:16  SCV  
  28  3:19  Barracks Tech Lab  
  31  3:26  SCV  
  32  3:31  SCV  
  32  3:33  Hellion  
  35  3:34  Hellion  
  35  3:39  SCV  
  38  3:49  Marine  
  38  3:50  Viking  
  38  3:51  Bunker  
  38  3:52  SCV  
  38  3:55  Hellion  
  44  4:00  SCV, Orbital Command  
  43  4:18  Hellion x2, Marine  
  43  4:19  SCV  
  43  4:20  Stimpack  
  43  4:22  SCV  
  50  4:25  Refinery  
  50  4:27  Refinery x2  
  50  4:37  SCV  
  50  4:38  SCV x2  
  53  4:44  Starport Reactor, Marine  
  54  4:47  Supply Depot  
  54  4:48  Supply Depot  
  54  4:50  SCV x3  
  54  4:52  Supply Depot  
  57  5:01  Barracks x2  
  57  5:02  SCV x2, Marine  
  57  5:03  Factory Reactor  
  60  5:09  Supply Depot  
  60  5:12  SCV  
  61  5:16  SCV x2  
  63  5:23  Supply Depot  
  63  5:24  SCV  
  63  5:26  Engineering Bay  
  63  5:27  Marine  
  63  5:28  Engineering Bay, SCV  
  65  5:29  SCV  
  67  5:36  SCV  
  67  5:40  SCV  
  69  5:44  SCV  
  69  5:48  SCV  
  72  5:53  SCV  
  72  5:56  SCV  
  72  6:01  SCV  
  72  6:03  Barracks Reactor, Orbital Command  
  72  6:05  SCV, Marine x3  
  72  6:06  Widow Mine x2  
  72  6:07  Medivac x2  
  72  6:09  SCV  
  72  6:10  Terran Infantry Weapons Level 1  
  85  6:11  Terran Infantry Armor Level 1  
  85  6:17  SCV  
  86  6:20  Barracks  
  86  6:21  Barracks  
  86  6:23  Marine x3  
  86  6:25  Combat Shield  
  89  6:33  Supply Depot  
  89  6:35  Supply Depot  
  89  6:37  SCV x2  
  89  6:38  SCV  
  92  6:40  Marine  
  92  6:43  Marine  
  94  6:49  SCV  
  94  6:51  SCV x2  
  94  6:52  Armory  
  97  6:54  Marine x2  
  97  6:55  Marine  
  97  6:58  Marine  
  97  7:01  SCV, Marine  
  102  7:02  Widow Mine  
  102  7:03  SCV  
  102  7:04  Widow Mine  
  102  7:08  Factory, Barracks Tech Lab  
  108  7:10  Barracks Tech Lab  
  108  7:12  SCV, Marine x3  
  108  7:13  Bunker  
  108  7:15  SCV  
  113  7:16  Marine  
  113  7:19  Marine  
  113  7:21  SCV  
  116  7:29  Refinery  
  116  7:30  Marine, Supply Depot  
  116  7:32  Supply Depot  
  116  7:35  Refinery  
  117  7:38  Supply Depot  
  117  7:39  Widow Mine x2, SCV, Marine x3, Supply Depot  
  125  7:51  Marine x4, Medivac  
  125  7:57  Marine x3, Factory Tech Lab  
  134  8:00  Command Center  
  134  8:01  Widow Mine x2  
  134  8:05  Supply Depot x2  
  138  8:07  SCV x2, Supply Depot  
  138  8:09  Marine x4, Supply Depot  
  144  8:14  Marine x3  
  144  8:19  Widow Mine, Drilling Claws  
  149  8:20  Terran Infantry Weapons Level 2  
  149  8:22  Widow Mine x2  
  149  8:23  Terran Infantry Armor Level 2  
  153  8:27  Marine x4  
  153  8:32  Marine x3  
  160  8:40  Widow Mine  
  162  8:45  Marine x3  
  162  8:52  Marine x2  
  162  8:53  Marine x2  
  152  9:04  Marine x3  
  152  9:06  Widow Mine x3, Terran Vehicle And Ship Armor Level 1  
  160  9:10  Marine x4  
  155  9:18  Orbital Command  
  155  9:21  Medivac  
  155  9:22  Marine x3  
  155  9:23  Medivac  
  161  9:24  Barracks  
  161  9:25  Barracks  
  161  9:26  Starport  
  161  9:27  Widow Mine x2, Starport  
  161  9:28  Marine x3  
  168  9:38  Marine  
  169  9:40  Marine, Marauder  
  169  9:42  Command Center  
  172  10:00  Marine x4  
  172  10:01  Marauder  
  172  10:02  Marine x2  
  172  10:03  Widow Mine x2  
  182  10:18  Marine x2  
  182  10:19  Marine  
  182  10:20  Marauder  
  178  10:34  Marine x2  
  178  10:35  Marine x3  
  161  10:36  Marine x2  
  161  10:37  Marine  
  161  10:41  Marine  
  161  10:42  Widow Mine  
  159  10:52  Starport Reactor, Marine x3  
  159  10:53  Starport Reactor, Marine x2  
  159  10:54  Marine x2  
  159  10:55  Marine, Orbital Command  
  166  10:59  Marine  
  159  11:10  Marine x2  
  164  11:11  Marauder  
  164  11:12  Marine  
  162  11:19  Marine x3  
  162  11:21  Barracks Tech Lab  
  162  11:23  Barracks Tech Lab  
  163  11:27  Planetary Fortress  
  163  11:28  Marine  
  163  11:29  Marauder  
  166  11:32  Marauder  
  166  11:36  Missile Turret  
  166  11:37  Missile Turret  
  166  11:39  Missile Turret  
  166  11:40  Missile Turret  
  166  11:41  Bunker  
  166  11:55  SCV  
  167  12:28  Marine x3, Marauder x3  
  167  12:29  Marine, Marauder x2  
Tags
 
Add a new tag
Caveats
  • Supply blocks, unpowered buildings, or Contaminate may cause inaccurate times.
  • Supply counts are checked every 10 seconds.